 Dungeon Crawl Stone Soup version 0.23.2-40-g277498a001 (webtiles) character file.

Game seed: 13808340813229874603

48 MisterOstroum the Sneak (level 3, -3/18 HPs)
             Began as a Spriggan Enchanter on Sept 22, 2019.
             Slain by an orc priest
             ... wielding a +0 dagger
              (4 damage)
             ... on level 2 of the Dungeon.
             The game lasted 00:04:30 (1537 turns).

MisterOstroum the Sneak (Spriggan Enchanter)        Turns: 1537, Time: 00:04:31

Health: -3/18      AC:  2    Str:  4    XL:     3   Next: 50%
Magic:  5/8        EV: 18    Int: 17    God:
Gold:   54         SH:  0    Dex: 16    Spells: 2/8 levels left

rFire    . . .     SeeInvis +   a - +1 dagger
rCold    . . .     Gourm    .   (shield restricted)
rNeg     . . .     Faith    .   b - +0 robe
rPois    .         Spirit   .   (helmet restricted)
rElec    .         Reflect  .   (no cloak)
rCorr    .         Harm     .   (gloves unavailable)
MR       .....                  (boots unavailable)
Stlth    +++.......             (no amulet)
HPRegen  0.06/turn              (no ring)
MPRegen  0.11/turn              (no ring)

@: very quick
A: very small, unfitting armour, see invisible, herbivore, speed 3, slow
metabolism 2
a: no special abilities


You were on level 2 of the Dungeon.
You were not hungry.

You visited 1 branch of the dungeon, and saw 2 of its levels.

You collected 54 gold pieces.

Inventory:

Hand Weapons
 a - a +1 dagger (weapon)
Missiles
 d - 95 stones (quivered)
 g - 16 sling bullets
Armour
 b - a +0 robe (worn)
Scrolls
 c - a scroll of identify {unknown}
Potions
 f - a potion of might {unknown}
Comestibles
 e - 2 rations


   Skills:
 - Level 2.0 Fighting
 - Level 1.1 Short Blades
 - Level 3.0 Dodging
 - Level 5.0 Stealth
 + Level 3.0 Spellcasting
 + Level 3.8 Hexes


You had 2 spell levels left.
You knew the following spells:

 Your Spells              Type           Power        Failure   Level  Hunger
a - Corona                Hex            ###....      3%          1    None
b - Ensorcelled Hibernat  Hex/Ice        #.....       12%         2    ##.....
c - Confuse               Hex            ###.....     11%         3    ###....

Your spell library contained the following spells:

 Spells                   Type           Power        Failure   Level  Hunger
 Tukima's Dance           Hex            ###.....     11%         3    ###....
 Dazzling Spray           Conj/Hex       #.....       24%         3    ###....


Dungeon Overview and Level Annotations

Branches:
Dungeon (2/15)

Altars:


Innate Abilities, Weirdness & Mutations

You are very small and have problems with some larger weapons.
You are too small for most types of armour.
You have supernaturally acute eyesight. (SInv)
You are a herbivore.
You cover ground extremely quickly.
You need to consume almost no food.


Message History

Found 8 gold pieces.
A hobgoblin is nearby!
A hobgoblin is nearby!
A hobgoblin is nearby!
You hit the hobgoblin.
The hobgoblin is moderately wounded.
The hobgoblin barely misses you.
You hit the hobgoblin.
The hobgoblin is heavily wounded.
The hobgoblin hits you.
You hit the hobgoblin but do no damage.
The hobgoblin is heavily wounded.
The hobgoblin hits you.
You hit the hobgoblin.
You kill the hobgoblin!
No target in view!
No target in view!
A giant cockroach comes into view.
You see here a hobgoblin corpse.
A giant cockroach is nearby!
A giant cockroach is nearby!
You see here 8 gold pieces.
The helpless giant cockroach fails to defend itself.
You impale the giant cockroach!!
You kill the giant cockroach!
No target in view!
You now have 45 gold pieces (gained 8).
Done exploring.
Done exploring.
(D) Dungeon
Where to? (Enter - D:1 @ (x,y), ? - help)
There is a stone staircase leading down here.
You climb downwards.
Found a stone staircase leading down.
There is a stone staircase leading up here.
Found a scythe.
Found a stone staircase leading up.
No target in view!
A hobgoblin comes into view.
A hobgoblin is nearby!
A hobgoblin is nearby!
Found 9 gold pieces.
Found a dagger.
The helpless hobgoblin fails to defend itself.
You impale the hobgoblin!!
You kill the hobgoblin!
No target in view!
No target in view!
You now have 54 gold pieces (gained 9).
d - 95 stones (gained 14)
An orc comes into view. It is wielding a +2 flail of crushing.
An orc is nearby!
An orc is nearby!
An orc priest comes into view. It is wielding a +0 dagger.
An orc wizard comes into view. It is wielding a +0 dagger.
The orc wizard casts a spell.
The orc wizard seems to speed up.
The orc priest shouts!
Casting: Corona (safe; 3% risk of failure)
Confirm with . or Enter, or press ? or * to list all spells.
Aiming: Ensorcelled Hibernation (safe; 12% risk of failure)
Press: ? - help, Shift-Dir - straight line, f - orc priest
Aim: an orc priest, wielding a +0 dagger and wearing a +0 ring mail (chance to defeat MR: 40%)
Okay, then.
Casting: Ensorcelled Hibernation (safe; 12% risk of failure)
Confirm with . or Enter, or press ? or * to list all spells.
Aiming: Confuse (safe; 11% risk of failure)
Press: ? - help, Shift-Dir - straight line, f - orc priest
Aim: an orc priest, wielding a +0 dagger and wearing a +0 ring mail (chance to defeat MR: 46%)
The orc priest appears confused.
You hear a shout!
You hear a bark!
An orc comes into view. It is wielding a +0 hand axe.
The orc priest screams, "I'll kill you anyway!"
A jackal comes into view.
The orc priest closely misses the orc wizard.
You hit the orc priest but do no damage.
The orc wizard gestures wildly while chanting.
The orc wizard blinks!
The orc priest hits you with a +0 dagger.
You hit the orc priest but do no damage.
The orc priest completely misses you. The orc completely misses you.
You strike the helpless orc priest from behind!
You puncture the orc priest!
The orc priest is heavily wounded.
The orc priest misses you. The orc misses you.
You hit the orc priest.
The orc priest is almost dead.
The orc priest closely misses the orc.
The orc barely misses you.
You hit the orc priest but do no damage.
The orc priest is almost dead.
The orc priest misses you.
The orc wizard casts a spell.
The orc wizard blinks!
You hit the orc priest but do no damage.
The orc priest is almost dead.
The orc hits you with a +2 flail of crushing!
Ouch! That really hurt!
* * * LOW HITPOINT WARNING * * *
x2 The orc priest hits you with a +0 dagger.
You die...

#.. #.# #.# # #.# #.
#.########
.#########.#....o.#
..#..........## ###..
#.#.#####..#.o##o.....
#.#.#####.###.@oh.o...
#..........#..#######.
#.########...## ###.#
##.....##
†...####..###.###
.#........# #..<
.###.###..###.#. . #.#
#......#.# . #.#
#.##.###


You could see an orc priest (confused), an orc wizard, 2 orcs and a jackal.

Vanquished Creatures
  2 oozes (D:1)
  2 dart slugs (D:1)
  A ball python (D:1)
  3 bats (D:1)
  A giant cockroach (D:1)
  4 goblins (D:1)
  7 hobgoblins
  3 jackals (D:1)
  4 frilled lizards (D:1)
  A kobold (D:1)
  6 rats (D:1)
34 creatures vanquished.

Notes
Turn   | Place    | Note
-------+----------+-------------------------------------------
     0 | D:1      | MisterOstroum the Spriggan Enchanter began the quest for
                  | the Orb.
     0 | D:1      | Reached XP level 1. HP: 9/9 MP: 5/5
   392 | D:1      | Reached XP level 2. HP: 9/14 MP: 3/6
   425 | D:1      | Learned a level 2 spell: Ensorcelled Hibernation
   454 | D:1      | Reached skill level 5 in Stealth
   604 | D:1      | Reached skill level 1 in Fighting
   934 | D:1      | Reached XP level 3. HP: 18/18 MP: 8/8
  1067 | D:1      | Learned a level 3 spell: Confuse
  1537 | D:2      | Slain by an orc priest

Skill      XL: |  1  2  3 |
---------------+----------+-----
Stealth        | 5 |  5.0
Fighting       | 1 2 |  2.0
Spellcasting   | 3 |  3.0
Short Blades   | |  1.1
Dodging        | |  3.0
Hexes          | |  3.8

Action                   || total
-------------------------++-------
Melee: Dagger            ||   121
Throw: Stone             ||    13
 Cast: Corona            ||    19
       Ensorcelled Hiber ||     3
       Confuse           ||     1
 Stab: Sleeping          ||    13
       Confused          ||     1
Armor: Robe              ||     8
Dodge: Dodged            ||    95
